AoeStats
← polom.s1989

Nomad

509842675Analyzed
4v4 RM · 4d ago on Sep 28, 2026· 42m 26s· 8 players
Game mode
Random Map
Map size
231×231
Population
200
Speed
Normal
Resources
Standard
Victory
Conquest
Starting age
Dark Age
Ending age
Imperial Age
RankedLock teamsTeams togetherTeam positionsShared explorationLock speedFull tech treeHidden civsTurbo modeCheats
Victory
Defeat
🇨🇳 Franks · China
1545
+16
🇨🇳 Mongols · China
1538
+17
🇨🇳 Magyars · China
1456
+20
🇨🇳 Varangians · China
1435
+20
🇻🇳 Mongols · Vietnam
1575
-20
🇯🇵 Italians · Japan
1573
-19
🇨🇿 Dravidians · Czechia
1518
-17
🇨🇳 Celts · China
1516
-17
polom.s1989
8:51 Loom
14:20 Feudal Age
14:48 Fishing Lines
15:41 Double-Bit Axe
20:28 Castle Age
20:36 Pikeman
21:15 Gillnets
22:20 Wheelbarrow
24:37 Scale Mail Armor
31:23 Horse Collar
33:22 Heavy Plow
37:06 Bow Saw
37:24 Hand Cart
37:22 Elite Skirmisher
38:09 Town Watch
39:37 Medical Corps
40:05 Fletching
40:15 Padded Archer Armor
aaa
4:53 Loom
15:38 Feudal Age
23:02 Castle Age
21:26 Fletching
luanb10
12:14 Feudal Age
16:21 Castle Age
14:27 Double-Bit Axe
15:37 Fletching
15:43 Fishing Lines
17:32 Bow Saw
19:07 Bodkin Arrow
20:29 Medium Warships
21:41 Ballistics
25:14 Wheelbarrow
29:20 Imperial Age
27:47 Gold Mining
27:47 Stone Mining
28:15 Hand Cart
28:08 Husbandry
28:18 Bloodlines
28:44 Thumb Ring
29:48 Stone Shaft Mining
29:49 Gold Shaft Mining
29:59 Padded Archer Armor
30:04 Scale Barding Armor
30:59 Bracer
32:01 Chemistry
31:25 Conscription
33:36 Parthian Tactics
33:29 Leather Archer Armor
34:30 Town Watch
34:31 Loom
35:14 Elite Mangudai
38:40 Chain Barding Armor
war-f
4:57 Loom
12:40 Feudal Age
16:15 Castle Age
15:40 Double-Bit Axe
15:46 Fletching
18:10 Bodkin Arrow
21:46 Ballistics
23:46 Horse Collar
27:37 Town Watch
28:28 Wheelbarrow
28:05 Gold Mining
33:59 Imperial Age
32:03 Stone Mining
32:48 Bow Saw
33:45 Medium Warships
35:03 Bracer
36:06 Chemistry
35:03 Murder Holes
36:54 Stone Shaft Mining
37:34 Padded Archer Armor
38:32 Leather Archer Armor
38:18 Scale Mail Armor
37:53 Capped Ram
39:12 Forging
41:07 Chain Mail Armor
42:05 Ring Archer Armor
shenxu
11:18 Loom
13:42 Feudal Age
14:46 Double-Bit Axe
14:47 Fishing Lines
17:15 Castle Age
17:32 Forging
17:27 Light Cavalry
19:41 Scale Barding Armor
23:46 Husbandry
25:21 Wheelbarrow
25:09 Chain Barding Armor
33:30 Imperial Age
31:17 Hand Cart
34:17 Iron Casting
34:10 Chivalry
33:37 Cavalier
34:55 Plate Barding Armor
34:55 Gold Mining
35:18 Bow Saw
34:57 Paladin
37:27 Iron Casting
41:20 Blast Furnace
虚弱
12:36 Feudal Age
11:14 Loom
16:07 Castle Age
14:00 Double-Bit Axe
14:54 Bloodlines
15:46 Scale Barding Armor
15:30 Town Watch
15:45 Fishing Lines
17:15 Bow Saw
20:38 Chain Barding Armor
21:47 Wheelbarrow
23:49 Forging
23:33 Gillnets
26:03 Fletching
27:31 Bodkin Arrow
28:35 Ballistics
40:29 Horse Collar
44:20 Imperial Age
雕牌洗衣粉
4:22 Loom
13:54 Feudal Age
17:45 Castle Age
16:09 Double-Bit Axe
18:24 Wheelbarrow
22:26 Bow Saw
22:20 Fishing Lines
23:26 Gillnets
25:40 Medium Warships
31:23 Hand Cart
32:31 Horse Collar
41:28 Imperial Age
41:34 Fletching
41:45 Padded Archer Armor
42:07 Ballistics
42:14 Corvinian Army
43:25 Two-Man Saw
雀巢阿帆
4:40 Loom
13:32 Feudal Age
18:35 Castle Age
16:25 Double-Bit Axe
17:14 Fishing Lines
18:17 Fletching
29:40 Gold Mining
31:04 Scale Barding Armor
33:10 Stone Mining
33:57 Wheelbarrow
36:47 Bodkin Arrow
44:47 Imperial Age
Connection lost

Rejoining the realm…

Still unreachable

The connection could not be restored.

Session expired

The server has moved on; the page needs a fresh start.